 Dungeon Crawl Stone Soup version 0.29.0-4-gdea44cf6ec (webtiles) character file.

Game seed: 9310125871891447335

21879 qw the Severer (level 12, 0/105 HPs)
             Began as a Minotaur Berserker on Sept 9, 2022.
             Was an Elder of Trog.
             Slain by a cane toad (6 damage)
             ... on level 4 of the Lair of Beasts.
             The game lasted 00:04:25 (13437 turns).

qw the Severer (Minotaur Berserker)                Turns: 13437, Time: 00:04:26

Health: 0/105      AC: 30    Str: 27 (29) XL:     12   Next: 58%
Magic:  11/11      EV:  6    Int:  3 (4)  God:    Trog [****..]
Gold:   721        SH: 17    Dex:  9 (12) Spells: 11/11 levels left

rFire   . . .      SeeInvis .   Y - +3 war axe (protect)
rCold   + . .      Faith    .   q - +0 tower shield
rNeg    . . .      Spirit   .   c - +3 plate armour of Dogmatism {Fly rElec rCorr Str+4}
rPois   .          Reflect  .   (helmet restricted)
rElec   +          Harm     .   (no cloak)
rCorr   +          Rampage  .   a - +0 pair of gloves
Will    .....                   d - +0 pair of boots
Stlth   ..........              e - amulet of regeneration
HPRegen 1.07/turn               h - +4 ring of protection
MPRegen 0.12/turn               s - ring of protection from cold

@: lethally poisoned (0 -> -9), about to teleport, marked, weakened, under a
protective aura, on berserk cooldown, flying, slowed, very slow
A: horns 2, retaliatory headbutt
a: Renounce Religion, Berserk, Trog's Hand, Brothers in Arms


You were on level 4 of the Lair of Beasts.
You worshipped Trog.
Trog was greatly pleased with you.
You visited 2 branches of the dungeon, and saw 13 of its levels.

You collected 721 gold pieces.


Innate Abilities, Weirdness & Mutations

You have a pair of horns on your head.
You reflexively headbutt those who attack you in melee.


   Skills:
 + Level 9.5 Fighting
 - Level 16.1 Axes
 - Level 4.2 Throwing
 - Level 8.1 Armour
 - Level 3.3 Dodging
 - Level 14.6 Shields


You had 11 spell levels left.
You didn't know any spells.
Your spell library was empty.

Inventory:

Hand Weapons
 n - a +1 vorpal morningstar
 Y - a +3 war axe of protection (weapon)
Missiles
 b - 2 boomerangs
 r - 3 javelins (quivered)
Armour
 a - a +0 pair of gloves (worn)
 c - the +3 plate armour of Dogmatism (worn) {Fly rElec rCorr Str+4}
   (You found it on level 9 of the Dungeon)

   Str:       It affects your strength (+4).
   rElec:     It insulates you from electricity.
   Fly:       It grants you flight.
   rCorr:     It protects you from acid and corrosion.
 d - a +0 pair of boots (worn)
 q - a +0 tower shield (worn)
Jewellery
 e - an amulet of regeneration (around neck)
 g - a ring of positive energy
 h - a +4 ring of protection (left hand)
 k - a ring of willpower
 s - a ring of protection from cold (right hand)
Scrolls
 f - 2 scrolls of teleportation
 j - 6 scrolls of identify
Potions
 i - a potion of heal wounds
 l - 3 potions of mutation
 o - 3 potions of haste
 p - 5 potions of curing
 u - a potion of cancellation

Dungeon Overview and Level Annotations

Branches:
Dungeon (9/15)             Temple (0/1) D:7            Lair (4/5) D:9
 Shoals (0/4) Lair:2       Spider (0/4) Lair:3          Orc (0/2) D:9
  Slime: Lair:4-5

Altars:
Vehumet
Xom
Yredelemnul

Shops:
D:3 :

Annotations:
D:3 2 transporters, qw's ghost, amateur GrFi


Message History

The rime drake breathes ice at you. The flash freeze hits you!
You partially resist.
You are encased in ice.
You slice the wyvern!!
You kill the wyvern!
Trog accepts your kill.
You barely miss the cane toad. You slice the rime drake!!
You hit the cane toad.
You feel very sick. The cane toad stings you.
You are more poisoned.
The cane toad poisons you!
The cane toad stings you but does no damage.
The rime drake completely misses you. You furiously retaliate!
You headbutt the rime drake!
The cane toad stings you but does no damage.
The gnoll bouda gazes fiercely through you!
You feel your attacks grow feeble.
A death yak comes into view.
The dream sheep bites you but does no damage.
You block the cane toad's attack.
You barely miss the cane toad.
The cane toad is almost dead.
You hit the cane toad. You barely miss the rime drake.
You hit the dream sheep. x2
You feel extremely sick. You block the rime drake's attack.
The cane toad stings you but does no damage.
The cane toad stings you. The dream sheep bites you.
The dream sheep bites you but does no damage.
The rime drake bites you but does no damage.
You block the cane toad's attack.
13437 ||| READING 3 scrolls of teleportation.
As you read the scroll of teleportation, it crumbles to dust.
You feel strangely unstable. The ice encasing you melts away.
You feel extremely sick. You block the cane toad's attack.
You block the dream sheep's attack.
The dream sheep bites you but does no damage.
The gnoll bouda hits you but does no damage.
The cane toad barely misses you. The cane toad stings you.
You die...

#..... .. ##..P# P. #P..#
#P #%.# ####. ##..##
#.#P. ##%...#########....
###.......P..#..'....
####P.g.F...............
#....(.Y@..(..###........
..###.#YFY...## #####....
######k..# #.... #P.###
#.##.# #.P.# ###P.# #...
##.# #..# #. #.<


You could see a death yak, 2 cane toads, a rime drake, 2 dream sheep and a gnoll
bouda.

Vanquished Creatures
  A hydra (Lair:1)
  Erolcha (D:9)
  An orb spider (Lair:3)
  5 black mambas
  2 cane toads
  Maggie (Lair:1)
  2 rime drakes
  6 komodo dragons
  2 trolls
  Grinder (D:5)
  13 blink frogs
  Prince Ribbit (D:7)
  A snapping turtle (Lair:2)
  5 dream sheep (Lair:2)
  A wyvern (Lair:4)
  23 yaks
  2 basilisks
  A steam dragon (D:9)
  Menkaure (D:5)
  11 water moccasins
  Duvessa (D:6)
  A sky beast (D:8)
  3 ice beasts
  6 orc warriors
  6 ogres
  A centaur (D:9)
  15 wolves
  A phantom (D:6)
  4 kobold brigands
  2 necrophages (D:7)
  6 gnoll sergeants
  7 bullfrogs
  5 scorpions
  6 wights (D:8)
  Dowan (D:6)
  10 killer bees
  An oklob sapling (D:7)
  A vampire bat (Lair:3)
  2 howler monkeys (D:7)
  3 gnoll boudas
  A jelly (D:7)
  4 orc priests
  5 hounds
  Jessica (D:3)
  Ijyb (D:3)
  An iguana (D:5)
  5 orc wizards
  26 gnolls
  4 adders
  A shadow imp (D:8)
  2 white imps
  An ufetubus (D:3)
  4 dart slugs
  32 orcs
  6 ball pythons
  6 endoplasms
  4 giant cockroaches
  6 goblins
  5 hobgoblins
  5 jackals
  16 kobolds
  5 quokkas
  11 bats
  5 frilled lizards
  7 rats
  A butterfly (Lair:2)
328 creatures vanquished.

Vanquished Creatures (others)
  A hobgoblin (D:4)
  12 fungi
  25 plants
38 creatures vanquished.

Grand Total: 366 creatures vanquished

Notes
Turn   | Place    | Note
-------+----------+-------------------------------------------
     0 | D:1      | qw the Minotaur Berserker began the quest for the Orb.
     0 | D:1      | Reached XP level 1. HP: 19/19 MP: 0/0
     0 | D:1      | 0 ||| qw: Version: 0.1-a-113-g051387a
     0 | D:1      | 0 ||| qw: Game counter: 7342
     0 | D:1      | 0 ||| qw: Always use a shield: true
     0 | D:1      | 0 ||| qw: Do Orc after D:15 true
     0 | D:1      | 0 ||| qw: Do second Lair branch before Depths: true
     0 | D:1      | 0 ||| qw: Lair rune preference: random
     0 | D:1      | 0 ||| qw: Plans: Normal
     0 | D:1      | 0 ||| PLANNING D:1-11
   119 | D:1      | Reached skill level 4 in Axes
   328 | D:1      | Reached XP level 2. HP: 26/26 MP: 1/1
   334 | D:1      | 334 ||| DROPPING +0 club.
   405 | D:1      | Found a faded altar of an unknown god.
   670 | D:1      | 670 ||| Stepping ~*~*~tactically~*~*~ (stealth).
   683 | D:1      | 683 ||| Stepping ~*~*~tactically~*~*~ (stealth).
   690 | D:1      | 690 ||| Stepping ~*~*~tactically~*~*~ (stealth).
   999 | D:1      | 999 ||| UPGRADING to +0 ring mail.
  1009 | D:1      | 1009 ||| DROPPING +0 animal skin.
  1010 | D:1      | 1010 ||| UPGRADING to +0 chain mail.
  1020 | D:1      | 1020 ||| DROPPING +0 ring mail.
  1021 | D:1      | 1021 ||| UPGRADING to +4 ring of protection.
  1022 | D:1      | 1022 ||| READING scroll labelled QIOCKIM JUOPOL.
  1023 | D:1      | 1023 ||| READING scroll labelled JANEZOEREX.
  1024 | D:1      | 1024 ||| READING 2 scrolls labelled HIPIHY BOXT.
  1025 | D:1      | 1025 ||| READING scroll labelled LUAXKO OBYK.
  1029 | D:1      | 1029 ||| READING scroll labelled LYZAED EVUUCU.
  1030 | D:1      | 1030 ||| DROPPING scroll of blinking.
  1031 | D:1      | 1031 ||| Stepping randomly (stuck).
  1032 | D:1      | 1032 ||| Stepping ~*~*~tactically~*~*~ (cloud).
  1039 | D:1      | HP: 6/26 [poisoned by you (poison gas)]
  1318 | D:2      | Reached skill level 5 in Axes
  1558 | D:2      | Reached XP level 3. HP: 31/31 MP: 2/2
  1559 | D:2      | 1559 ||| Stepping ~*~*~tactically~*~*~ (hiding).
  1747 | D:2      | Reached ** piety under Trog
  1833 | D:2      | 1833 ||| SWAPPING to +0 war axe.
  1839 | D:2      | 1839 ||| DROPPING +0 hand axe.
  2104 | D:2      | 2104 ||| Stepping ~*~*~tactically~*~*~ (stealth).
  2261 | D:2      | 2261 ||| Stepping ~*~*~tactically~*~*~ (hiding).
  2337 | D:2      | Found a basalt altar of Yredelemnul.
  2423 | D:2      | 2423 ||| READING scroll labelled ANUXKU VUEGA.
  2424 | D:2      | 2424 ||| READING scroll labelled UKAAXY IHIE.
  2425 | D:2      | 2425 ||| READING scroll labelled BIUPPY WUNUA.
  2426 | D:2      | 2426 ||| DRINKING 2 bubbling red potions.
  2629 | D:3      | Noticed qw's ghost (amateur GrFi)
  2649 | D:3      | Found a transporter.
  2669 | D:3      | Found a transporter.
  2685 | D:3      | Found Fitup's Book Shoppe.
  2690 | D:3      | Noticed Jessica
  2692 | D:3      | 2692 ||| Stepping ~*~*~tactically~*~*~ (hiding).
  2696 | D:3      | Killed Jessica
  2697 | D:3      | Reached skill level 6 in Axes
  2697 | D:3      | Reached XP level 4. HP: 34/39 MP: 3/3
  3001 | D:3      | Noticed Ijyb
  3002 | D:3      | 3002 ||| Stepping ~*~*~tactically~*~*~ (hiding).
  3007 | D:3      | 3007 ||| INVOKING Berserk.
  3013 | D:3      | Killed Ijyb
  3302 | D:3      | 3302 ||| UPGRADING to ring of positive energy.
  3303 | D:3      | 3303 ||| READING 2 scrolls labelled GINGAI YGEIDWA.
  3304 | D:3      | 3304 ||| READING scroll of brand weapon.
  3304 | D:3      | 3304 ||| BRANDING +1 war axe of electrocution.
  3305 | D:3      | 3305 ||| READING scroll labelled YDDOSI ELATU.
  3306 | D:3      | 3306 ||| DRINKING 2 fuming cyan potions.
  3307 | D:3      | 3307 ||| READING 2 scrolls of identify.
  3307 | D:3      | 3307 ||| IDENTIFYING glowing green potion
  3308 | D:3      | 3308 ||| DROPPING potion of attraction.
  3352 | D:4      | 3352 ||| Stepping ~*~*~tactically~*~*~ (hiding).
  3475 | D:4      | 3475 ||| DRINKING potion of curing.
  3475 | D:4      | 3475 ||| (to cure confusion)
  3478 | D:4      | 3478 ||| INVOKING Berserk.
  3479 | D:4      | 3479 ||| Stepping ~*~*~tactically~*~*~ (hiding).
  3480 | D:4      | 3480 ||| Stepping ~*~*~tactically~*~*~ (hiding).
  3485 | D:4      | 3485 ||| INVOKING Berserk.
  3492 | D:4      | Reached skill level 7 in Axes
  3492 | D:4      | Reached XP level 5. HP: 45/45 MP: 4/4
  3659 | D:4      | Identified the +8 long sword of the Endless Expanse {speed,
                  | rElec rPois SInv}
  3676 | D:4      | Noticed an ogre
  3677 | D:4      | 3677 ||| Stepping ~*~*~tactically~*~*~ (stealth).
  3678 | D:4      | 3678 ||| Stepping ~*~*~tactically~*~*~ (stealth).
  3683 | D:4      | 3683 ||| Stepping ~*~*~tactically~*~*~ (stealth).
  3684 | D:4      | 3684 ||| INVOKING Berserk.
  3686 | D:4      | Killed an ogre
  3687 | D:4      | Reached skill level 8 in Axes
  3687 | D:4      | Reached XP level 6. HP: 52/52 MP: 5/5
  3775 | D:4      | 3775 ||| Stepping ~*~*~tactically~*~*~ (stealth).
  3819 | D:4      | 3819 ||| INVOKING Berserk.
  3883 | D:4      | 3883 ||| DROPPING +0 whip.
  3889 | D:4      | 3889 ||| Stepping ~*~*~tactically~*~*~ (hiding).
  3890 | D:4      | 3890 ||| Stepping ~*~*~tactically~*~*~ (hiding).
  3891 | D:4      | 3891 ||| Stepping ~*~*~tactically~*~*~ (hiding).
  3895 | D:4      | 3895 ||| INVOKING Berserk.
  3902 | D:4      | Reached skill level 9 in Axes
  4020 | D:4      | 4020 ||| Stepping ~*~*~tactically~*~*~ (stealth).
  4206 | D:4      | 4206 ||| INVOKING Berserk.
  4214 | D:4      | Reached *** piety under Trog
  4589 | D:4      | Reached XP level 7. HP: 61/61 MP: 6/6
  4607 | D:4      | Reached skill level 3 in Armour
  4880 | D:4      | 4880 ||| UPGRADING to +0 pair of gloves.
  4885 | D:4      | 4885 ||| UPGRADING to +0 buckler.
  4890 | D:4      | 4890 ||| READING scroll labelled USEBUU WONO.
  4891 | D:4      | 4891 ||| DRINKING 2 glowing black potions.
  4926 | D:4      | 4926 ||| DROPPING potion of lignification.
  4956 | D:5      | Entered Level 5 of the Dungeon
  4977 | D:5      | Noticed Grinder
  4978 | D:5      | 4978 ||| Stepping ~*~*~tactically~*~*~ (hiding).
  4982 | D:5      | 4982 ||| INVOKING Trog's Hand.
  4983 | D:5      | 4983 ||| INVOKING Berserk.
  4990 | D:5      | Killed Grinder
  5074 | D:5      | 5074 ||| Stepping ~*~*~tactically~*~*~ (stealth).
  5223 | D:5      | Noticed Menkaure
  5225 | D:5      | 5225 ||| INVOKING Berserk.
  5228 | D:5      | Killed Menkaure
  5229 | D:5      | Reached skill level 10 in Axes
  5229 | D:5      | Reached XP level 8. HP: 59/68 MP: 7/7
  5389 | D:5      | 5389 ||| Stepping ~*~*~tactically~*~*~ (stealth).
  5396 | D:5      | Found a radiant altar of Vehumet.
  5459 | D:5      | Reached skill level 1 in Throwing
  5469 | D:5      | 5469 ||| INVOKING Berserk.
  5503 | D:5      | 5503 ||| Stepping ~*~*~tactically~*~*~ (stealth).
  5506 | D:5      | 5506 ||| Stepping ~*~*~tactically~*~*~ (stealth).
  5516 | D:5      | Reached skill level 6 in Fighting
  5892 | D:5      | 5892 ||| UPGRADING to amulet of regeneration.
  5914 | D:6      | 5914 ||| STAIRDANCE
  5923 | D:6      | 5923 ||| STAIRDANCE
  5962 | D:6      | 5962 ||| INVOKING Berserk.
  5964 | D:6      | Reached skill level 11 in Axes
  5978 | D:6      | 5978 ||| FLEEEEING.
  5979 | D:6      | 5979 ||| STAIRDANCE
  6149 | D:6      | 6149 ||| INVOKING Berserk.
  6270 | D:6      | Noticed Dowan
  6271 | D:6      | Noticed Duvessa
  6272 | D:6      | 6272 ||| INVOKING Berserk.
  6275 | D:6      | Killed Dowan
  6283 | D:6      | Killed Duvessa
  6483 | D:6      | Reached skill level 12 in Axes
  6514 | D:6      | Reached XP level 9. HP: 78/78 MP: 8/8
  6595 | D:6      | Found a shimmering altar of Xom.
  6671 | D:6      | 6671 ||| INVOKING Berserk.
  6822 | D:6      | 6822 ||| UPGRADING to +0 tower shield.
  6832 | D:6      | 6832 ||| DROPPING +0 buckler.
  6833 | D:6      | 6833 ||| READING scroll labelled OCVISO SATI.
  6833 | D:6      | Identified a scroll of acquirement
  6833 | D:6      | 6833 ||| ACQUIRING +7 ring mail "Fasiapno" {rN+}
  6833 | D:6      | Acquired the +7 ring mail "Fasiapno" {rN+}
  6835 | D:6      | 6835 ||| UPGRADING to +7 ring mail "Fasiapno" {rN+}.
  6845 | D:6      | 6845 ||| DROPPING +0 chain mail.
  6846 | D:6      | 6846 ||| READING 2 scrolls of identify.
  6846 | D:6      | 6846 ||| IDENTIFYING bubbling black potion
  6847 | D:6      | 6847 ||| DROPPING potion of berserk rage.
  6872 | D:7      | Noticed Prince Ribbit
  6873 | D:7      | 6873 ||| Stepping ~*~*~tactically~*~*~ (stealth).
  6880 | D:7      | 6880 ||| INVOKING Berserk.
  6890 | D:7      | Killed Prince Ribbit
  6891 | D:7      | Reached skill level 6 in Shields
  6900 | D:7      | 6900 ||| STAIRDANCE
  7019 | D:7      | 7019 ||| STAIRDANCE
  7031 | D:7      | 7031 ||| STAIRDANCE
  7036 | D:7      | 7036 ||| STAIRDANCE
  7045 | D:7      | 7045 ||| STAIRDANCE
  7070 | D:7      | 7070 ||| Stepping ~*~*~tactically~*~*~ (stealth).
  7071 | D:7      | 7071 ||| Stepping ~*~*~tactically~*~*~ (stealth).
  7075 | D:7      | 7075 ||| INVOKING Berserk.
  7234 | D:7      | Found a staircase to the Ecumenical Temple.
  7240 | D:7      | 7240 ||| INVOKING Berserk.
  7368 | D:7      | 7368 ||| Stepping ~*~*~tactically~*~*~ (hiding).
  7678 | D:7      | 7678 ||| UPGRADING to +0 pair of boots.
  7683 | D:7      | 7683 ||| READING 2 scrolls of identify.
  7683 | D:7      | 7683 ||| IDENTIFYING lumpy brown potion
  7719 | D:8      | Identified the +3 mace of Vockie {venom, rPois rCorr}
  7721 | D:8      | 7721 ||| Stepping ~*~*~tactically~*~*~ (stealth).
  7727 | D:8      | Reached skill level 9 in Shields
  7756 | D:8      | 7756 ||| Stepping ~*~*~tactically~*~*~ (stealth).
  7760 | D:8      | 7760 ||| Stepping ~*~*~tactically~*~*~ (stealth).
  7762 | D:8      | 7762 ||| Stepping ~*~*~tactically~*~*~ (stealth).
  7837 | D:8      | 7837 ||| Stepping ~*~*~tactically~*~*~ (stealth).
  7839 | D:8      | 7839 ||| Stepping ~*~*~tactically~*~*~ (stealth).
  7841 | D:8      | 7841 ||| Stepping ~*~*~tactically~*~*~ (stealth).
  7845 | D:8      | 7845 ||| Stepping ~*~*~tactically~*~*~ (stealth).
  7849 | D:8      | Reached XP level 10. HP: 86/86 MP: 9/9
  7850 | D:8      | 7850 ||| Stepping ~*~*~tactically~*~*~ (stealth).
  7918 | D:8      | 7918 ||| INVOKING Berserk.
  8208 | D:8      | 8208 ||| INVOKING Berserk.
  8358 | D:8      | 8358 ||| UPGRADING to +0 plate armour.
  8368 | D:8      | 8368 ||| DROPPING +7 ring mail "Fasiapno" {rN+}.
  8369 | D:8      | 8369 ||| UPGRADING to ring of protection from cold.
  8371 | D:8      | 8371 ||| READING scroll labelled XODWAZ CULU.
  8372 | D:8      | 8372 ||| READING 2 scrolls of identify.
  8372 | D:8      | 8372 ||| IDENTIFYING sapphire potion
  8386 | D:9      | 8386 ||| STAIRDANCE
  8392 | D:9      | 8392 ||| STAIRDANCE
  8456 | D:9      | 8456 ||| STAIRDANCE
  8465 | D:9      | 8465 ||| STAIRDANCE
  8471 | D:9      | Reached **** piety under Trog
  8510 | D:9      | 8510 ||| FLEEEEING.
  8511 | D:9      | 8511 ||| Stepping ~*~*~tactically~*~*~ (stealth).
  8512 | D:9      | 8512 ||| Stepping ~*~*~tactically~*~*~ (stealth).
  8513 | D:9      | 8513 ||| Stepping ~*~*~tactically~*~*~ (stealth).
  8520 | D:9      | 8520 ||| Stepping ~*~*~tactically~*~*~ (stealth).
  8543 | D:9      | Identified the +3 plate armour of Dogmatism {Fly rElec
                  | rCorr Str+4}
  8556 | D:9      | 8556 ||| Stepping ~*~*~tactically~*~*~ (stealth).
  8557 | D:9      | 8557 ||| Stepping ~*~*~tactically~*~*~ (stealth).
  8563 | D:9      | 8563 ||| INVOKING Berserk.
  8743 | D:9      | 8743 ||| Stepping ~*~*~tactically~*~*~ (stealth).
  8761 | D:9      | Reached skill level 3 in Throwing
  9128 | D:9      | Reached skill level 12 in Shields
  9139 | D:9      | Noticed Erolcha
  9140 | D:9      | 9140 ||| INVOKING Trog's Hand.
  9153 | D:9      | Killed Erolcha
  9263 | D:9      | Found a staircase to the Orcish Mines.
  9264 | D:9      | 9264 ||| INVOKING Berserk.
  9283 | D:9      | Reached skill level 13 in Axes
  9426 | D:9      | Found a staircase to the Lair.
  9431 | D:9      | 9431 ||| Stepping ~*~*~tactically~*~*~ (stealth).
  9436 | D:9      | 9436 ||| Stepping ~*~*~tactically~*~*~ (stealth).
  9472 | D:9      | 9472 ||| Stepping ~*~*~tactically~*~*~ (stealth).
  9478 | D:9      | Reached XP level 11. HP: 92/92 MP: 10/10
  9482 | D:9      | 9482 ||| INVOKING Berserk.
  9705 | D:9      | 9705 ||| PLANNING LAIR
  9705 | D:9      | 9705 ||| UPGRADING to +3 plate armour of Dogmatism {Fly
                  | rElec rCorr Str+4}.
  9715 | D:9      | 9715 ||| DROPPING +0 plate armour.
  9716 | D:9      | 9716 ||| READING scroll labelled SIZAONIOMA.
  9717 | D:9      | 9717 ||| READING 3 scrolls of identify.
  9717 | D:9      | 9717 ||| IDENTIFYING yellow potion
  9718 | D:9      | 9718 ||| READING 2 scrolls of identify.
  9718 | D:9      | 9718 ||| IDENTIFYING amethyst potion
  9719 | D:9      | 9719 ||| DROPPING potion of flight.
  9772 | Lair:1   | Entered Level 1 of the Lair of Beasts
  9807 | Lair:1   | 9807 ||| INVOKING Berserk.
 10050 | Lair:1   | 10050 ||| INVOKING Berserk.
 10302 | Lair:1   | Noticed Maggie
 10314 | Lair:1   | Killed Maggie
 10317 | Lair:1   | 10317 ||| DROPPING +1 flail of protection.
 10329 | Lair:1   | 10329 ||| READING scroll of enchant weapon.
 10329 | Lair:1   | 10329 ||| ENCHANTING +1 war axe of protection.
 10351 | Lair:1   | 10351 ||| Stepping ~*~*~tactically~*~*~ (stealth).
 10433 | Lair:1   | Noticed an eight-headed hydra
 10434 | Lair:1   | 10434 ||| INVOKING Brothers in Arms.
 10436 | Lair:1   | 10436 ||| SWAPPING to +1 vorpal morningstar.
 10437 | Lair:1   | 10437 ||| INVOKING Berserk.
 10445 | Lair:1   | Killed an eight-headed hydra
 10457 | Lair:1   | 10457 ||| SWAPPING to +2 war axe of protection.
 10658 | Lair:1   | 10658 ||| READING scroll labelled DUTOIL RUMYPOEXT.
 10808 | Lair:2   | 10808 ||| Stepping ~*~*~tactically~*~*~ (stealth).
 10810 | Lair:2   | 10810 ||| INVOKING Berserk.
 10814 | Lair:2   | Reached skill level 14 in Axes
 10942 | Lair:2   | 10942 ||| INVOKING Berserk.
 10945 | Lair:2   | Reached skill level 3 in Dodging
 11092 | Lair:2   | 11092 ||| Stepping ~*~*~tactically~*~*~ (stealth).
 11095 | Lair:2   | 11095 ||| Stepping ~*~*~tactically~*~*~ (stealth).
 11096 | Lair:2   | 11096 ||| INVOKING Berserk.
 11224 | Lair:2   | 11224 ||| Stepping ~*~*~tactically~*~*~ (stealth).
 11240 | Lair:2   | Reached skill level 15 in Axes
 11294 | Lair:2   | Found a staircase to the Shoals.
 11296 | Lair:2   | 11296 ||| Stepping ~*~*~tactically~*~*~ (hiding).
 11298 | Lair:2   | 11298 ||| INVOKING Berserk.
 11306 | Lair:2   | Reached XP level 12. HP: 103/103 MP: 11/11
 11510 | Lair:2   | 11510 ||| Stepping ~*~*~tactically~*~*~ (stealth).
 11512 | Lair:2   | Reached skill level 9 in Fighting
 11549 | Lair:2   | 11549 ||| INVOKING Berserk.
 11676 | Lair:2   | 11676 ||| INVOKING Berserk.
 11857 | Lair:2   | 11857 ||| Stepping ~*~*~tactically~*~*~ (stealth).
 11859 | Lair:2   | 11859 ||| Stepping ~*~*~tactically~*~*~ (stealth).
 11861 | Lair:2   | 11861 ||| Stepping ~*~*~tactically~*~*~ (stealth).
 11864 | Lair:2   | 11864 ||| Stepping ~*~*~tactically~*~*~ (stealth).
 11870 | Lair:2   | 11870 ||| Stepping ~*~*~tactically~*~*~ (stealth).
 11871 | Lair:2   | 11871 ||| Stepping ~*~*~tactically~*~*~ (stealth).
 11884 | Lair:2   | Reached ***** piety under Trog
 12342 | Lair:2   | 12342 ||| DROPPING amulet of the acrobat.
 12343 | Lair:2   | 12343 ||| READING 5 scrolls of identify.
 12343 | Lair:2   | 12343 ||| IDENTIFYING silvery potion
 12344 | Lair:2   | 12344 ||| DROPPING potion of ambrosia.
 12671 | Lair:3   | Found a hole to the Spider Nest.
 12672 | Lair:3   | 12672 ||| INVOKING Brothers in Arms.
 12673 | Lair:3   | 12673 ||| INVOKING Brothers in Arms.
 12684 | Lair:3   | Reached skill level 16 in Axes
 12754 | Lair:3   | 12754 ||| READING scroll of enchant weapon.
 12754 | Lair:3   | 12754 ||| ENCHANTING +2 war axe of protection.
 12825 | Lair:3   | 12825 ||| INVOKING Berserk.
 13009 | Lair:3   | 13009 ||| INVOKING Berserk.
 13356 | Lair:3   | 13356 ||| DRINKING 2 glowing ruby potions.
 13357 | Lair:3   | 13357 ||| DROPPING potion of degeneration.
 13416 | Lair:4   | 13416 ||| FLEEEEING.
 13419 | Lair:4   | 13419 ||| INVOKING Berserk.
 13435 | Lair:4   | Noticed a death yak
 13436 | Lair:4   | HP: 22/105 [poisoned by a cane toad]
 13437 | Lair:4   | 13437 ||| READING 3 scrolls of teleportation.
 13437 | Lair:4   | HP: 6/105 [poisoned by a cane toad]
 13437 | Lair:4   | Slain by a cane toad

Levels and vault maps discovered:
D:1:      lemuel_arrival_funnel, layout_loops_ring,
          ebering_ecumenical_altar_webs
D:2:      mumra_celtic_spiral_tile, layout_loops_ring, basic_altar
D:3:      layout_loops_ring, serial_shops, nicolae_shop_statue_plus,
          gammafunk_ghost_stat_death, minmay_misc_feat_alley, chequers_garden,
          kennysheep_generic_room_16, uniq_ijyb, uniq_jessica
D:4:      layout_basic
D:5:      layout_loops_ring, kennysheep_mini, uniq_grinder, uniq_menkaure
D:6:      layout_rooms, mainiacjoe_overflow_surrounded_room,
          amcnicky_mini_corridor_feature, uniq_duvessa
D:7:      layout_cave_pools, minmay_temple_entry_oklob, uniq_prince_ribbit1
D:8:      layout_rooms
D:9:      layout_layer_cave, dpeg_oklobed_lair,
          kennysheep_orc_monster_closet_entryway, grunt_ministairs_13,
          patterned_corridor, uniq_erolcha
Lair:1:   layout_hall_layers, uniq_maggie
Lair:2:   layout_cave_pods, minmay_shoals_entry_hut, fungi_pond_lemuel,
          lemuel_fruit_fields, grunt_megastairs_1
Lair:3:   layout_chaotic_city, nicolae_spider_entry_orb_guardian,
          roderic_batcave, chequers_serial_rivers_large_b,
          cheibrodos_lair_reptile_den
Lair:4:   layout_roguey, dreamdust_gnoll_shepherd, grunt_megastairs_3,
          uniq_kirke

Skill      XL: |  1  2  3  4  5  6  7  8  9 10 11 12 |
---------------+-------------------------------------+-----
Axes           | 4 5 6 7 8 9 10 12 13 15 16 | 16.1
Fighting       | 4 5 6 7 8 9 |  9.5
Armour         | 3 4 7 8 |  8.1
Shields        | 4 10 12 13 14 | 14.6
Throwing       | 1 3 4 |  4.2
Dodging        | 3 |  3.3

Action                   |  1- 3 |  4- 6 |  7- 9 | 10-12 || total
-------------------------+-------+-------+-------+-------++-------
Melee: Hand axe          |    57 |       |       |       ||    57
       Headbutt          |    13 |    13 |    43 |    93 ||   162
       War axe           |    49 |    76 |   199 |   431 ||   755
       Punch             |     1 |       |       |       ||     1
       Morningstar       |       |       |       |     8 ||     8
Throw: Boomerang         |       |    16 |    44 |    24 ||    84
       Javelin           |       |       |       |    45 ||    45
Invok: Berserk           |       |     6 |    10 |    17 ||    33
       Trog's Hand       |       |       |     1 |     1 ||     2
       Brothers in Arms  |       |       |       |     2 ||     2
  Use: Scroll            |     8 |     4 |     4 |    10 ||    26
       Potion            |     1 |     2 |     1 |     1 ||     5
Armor: Chain mail        |    35 |    38 |    49 |       ||   122
       Animal skin       |     3 |       |       |       ||     3
       Ring mail         |       |       |    56 |     7 ||    63
       Plate armour      |       |       |       |   276 ||   276
Dodge: Dodged            |    37 |    27 |    48 |    98 ||   210
Block: Buckler           |       |       |    22 |       ||    22
       Tower shield      |       |       |    76 |   436 ||   512

Table legend:
 A = Non-vault XP
 B = Vault XP
 C = Vault XP percentage of total XP
 D = Non-vault monster count
 E = Vault monster count
 F = Vault count percentage of total count
                 A         B        C        D         E       F
            +---------+---------+-------+---------+---------+-------
      Total |   23549 |    7708 |  24.7 |     271 |      57 |  17.4
            +---------+---------+-------+---------+---------+-------
        D:1 |      32 |       0 |   0.0 |      18 |       0 |   0.0
        D:2 |      34 |       0 |   0.0 |      19 |       0 |   0.0
        D:3 |      30 |      79 |  72.5 |      14 |       5 |  26.3
        D:4 |     625 |       0 |   0.0 |      32 |       0 |   0.0
        D:5 |     801 |     452 |  36.1 |      14 |       2 |  12.5
        D:6 |     985 |     216 |  18.0 |      27 |       2 |   6.9
        D:7 |    1061 |     341 |  24.3 |      14 |       2 |  12.5
        D:8 |    1811 |       0 |   0.0 |      36 |       0 |   0.0
        D:9 |    2476 |    2404 |  49.3 |      27 |      26 |  49.1
     Lair:1 |    3899 |     379 |   8.9 |      14 |       1 |   6.7
     Lair:2 |    8150 |    1934 |  19.2 |      40 |       7 |  14.9
     Lair:3 |    3191 |    1693 |  34.7 |      14 |      11 |  44.0
     Lair:4 |     454 |     210 |  31.6 |       2 |       1 |  33.3
            +---------+---------+-------+---------+---------+-------
